 Dungeon Crawl Stone Soup version 0.31-a0-810-ga77100ea1a (webtiles) character file.

Game seed: 8881564579318843467

70 GloriousHammer the Grave Robber (level 4, -1/30 HPs)
             Began as a Human Necromancer on Sept 21, 2023.
             Succumbed to a gnoll's poison
             ... on level 1 of the Dungeon.
             The game lasted 00:05:32 (1947 turns).

GloriousHammer the Grave Robber (Human Necromancer) Turns: 1947, Time: 00:05:33

Health: -1/30      AC:  2    Str: 11    XL:     4   Next: 44%
Magic:  8/8        EV: 12    Int: 15    God:
Gold:   89         SH:  0    Dex: 13    Spells: 1/9 levels left

rFire   . . .        d - +0 dagger
rCold   . . .        (no shield)
rNeg    . . .        a - +0 robe
rPois   .            (no helmet)
rElec   .            (no cloak)
rCorr   .            (no gloves)
SInv    .            (no boots)
Will    .....        (no amulet)
Stlth   ++           (no ring)
HPRegen 0.25/turn    (no ring)
MPRegen 0.11/turn

%: no passive effects
@: lethally poisoned (-1 -> -11)
A: no striking features
a: no special abilities


You were on level 1 of the Dungeon.
You visited 1 branch of the dungeon, and saw 2 of its levels.

You collected 89 gold pieces.

Inventory:

Hand Weapons
 d - a +0 dagger (weapon)
Armour
 a - a +0 robe (worn)
 e - a +0 leather armour
Scrolls
 f - a scroll of blinking {unknown}
 g - a scroll of revelation {unknown}
Potions
 b - 2 potions of magic
 c - a potion of heal wounds {unknown}


   Skills:
 + Level 1.0 Short Blades
 - Level 2.0 Dodging
 - Level 2.0 Stealth
 + Level 3.0 Spellcasting
 + Level 4.7 Necromancy


You had one spell level left.
You knew the following spells:

 Your Spells              Type           Power      Damage    Failure   Level
a - Necrotise             Necr           64%        1d7       2%          1
b - Vampiric Draining     Necr           16%        2d7       9%          3
c - Animate Dead          Necr           16%        N/A       28%         4

Your spell library contained the following spells:

 Spells                   Type           Power      Damage    Failure   Level
 Agony                    Necr           16%        N/A       61%         5


Dungeon Overview and Level Annotations

Branches:
Dungeon (2/15)

Altars:
Fedhas

Annotations:
D:1 exclusion: 2 downstairs


Message History

Your adder skeleton bites the jackal but does no damage.
Your jackal skeleton misses the jackal.
Your quokka skeleton barely misses the jackal.
The jackal bites your goblin skeleton.
Your goblin skeleton barely misses the jackal.
The jackal attacks as it pursues you! The jackal bites you.
* * * LOW HITPOINT WARNING * * *
The jackal barely misses your quokka skeleton.
Your quokka skeleton barely misses the jackal.
Your goblin skeleton closely misses the jackal.
You hit the jackal.
The jackal is heavily wounded.
Your goblin skeleton crumbles into dust!
The jackal bites your quokka skeleton. The jackal bites you.
* * * LOW HITPOINT WARNING * * *
Your adder skeleton bites the jackal.
Your quokka skeleton bites the jackal.
The jackal dies!
The jackal bites you but does no damage.
You closely miss the jackal.
The jackal is severely wounded.
Your jackal skeleton bites the jackal but does no damage.
Your adder skeleton barely misses the jackal.
The jackal bites you but does no damage.
Your quokka skeleton bites the jackal but does no damage.
Your jackal skeleton closely misses the jackal.
You barely miss the jackal.
The jackal is severely wounded.
Your quokka skeleton crumbles into dust!
Your adder skeleton barely misses the jackal.
The jackal closely misses you.
Your jackal skeleton barely misses the jackal.
You hit the jackal.
You kill the jackal!
Your adder skeleton crumbles into dust!
You see here a jackal corpse.
You start resting.
A giant cockroach is nearby!
A giant cockroach is nearby!
Your jackal skeleton barely misses the giant cockroach.
Casting: Necrotise (safe; 2% risk of failure)
Confirm with . or Enter, or press ? or * to list all spells.
Aiming: Necrotise (safe; 2% risk of failure)
Press: ? - help, Shift-Dir - straight line, f - giant cockroach
Aim: a giant cockroach (ally target, chance to affect: 86%)
The giant cockroach barely resists.
Your jackal skeleton crumbles into dust!
Casting: Necrotise (safe; 2% risk of failure)
Confirm with . or Enter, or press ? or * to list all spells.
Aiming: Necrotise (safe; 2% risk of failure)
Press: ? - help, Shift-Dir - straight line, f/p - giant cockroach
Aim: a giant cockroach (chance to affect: 86%)
The giant cockroach writhes in agony.
The giant cockroach misses you.
Casting: Necrotise (safe; 2% risk of failure)
Confirm with . or Enter, or press ? or * to list all spells.
Aiming: Necrotise (safe; 2% risk of failure)
Press: ? - help, Shift-Dir - straight line, f/p - giant cockroach
Aim: a giant cockroach (heavily wounded, chance to affect: 86%)
The giant cockroach writhes in agony.
You kill the giant cockroach!
You start resting.
Magic restored.
You start resting.
HP restored.
You see here a giant cockroach corpse.
Found 14 gold pieces.
g - a scroll labelled MEAFFAC DIBBIP You now have 89 gold pieces (gained 14).
This spell is extremely dangerous to cast!
You start memorising the spell.
You continue memorising. x4
You finish memorising.
Spell assigned to 'c'.
You see here a jackal corpse.
Casting: Necrotise (safe; 2% risk of failure)
Confirm with . or Enter, or press ? or * to list all spells.
You can't see any susceptible monsters within range! (Use Z to cast anyway.) Unknown command.
Casting: Necrotise (safe; 2% risk of failure)
Confirm with . or Enter, or press ? or * to list all spells.
Okay, then.
The gnoll shouts!
You hear a shout!
You see here 7 gold pieces.
The gnoll shouts!
The gnoll attacks as it pursues you! The gnoll barely misses you.
The gnoll hits you from afar with a +0 spear.
The gnoll hits you with a +0 whip of venom!
You are poisoned.
You feel very sick.
You feel sick.
You feel sick.
You feel sick. The gnoll attacks as it pursues you!
The gnoll barely misses you.
You feel sick. The gnoll attacks as it pursues you! The gnoll misses you.
You feel sick.
There is a stone staircase leading up, spattered with blood here.
You feel sick.
The gnoll hits you with a +0 whip of venom.
* * * LOW HITPOINT WARNING * * *
You are lethally poisoned!
You climb upwards.
Level annotation: exclusion: 2 downstairs You die...

...................# #.#.#
#.#
########..###.####.###.#.#
#.# ##.....# #.#.....# #.#
####..# #.#.#.#####.##
######
#..####.#.#........#
.....#
##...##.#.##########
.....# #.#.##.#.#......#
.....#
######....#.#.#.####.#
.....# #.......g@#.#.#.#
#.# .....#
#.#########.#.#.## #.#
.....# #.# ##.#.#..# #.#
.....# #Z# #.....#.# #.#
.....# #.# ####..#.# #.#
.....###.# #..#.# #.#
.........# #..#.# #.#
##.####### #..#.# #.# #.#
#..#.# #.#


You could see a gnoll.

Vanquished Creatures
  An adder (D:2)
  A gnoll (D:1)
  A dart slug (D:1)
  An endoplasm (D:1)
  4 giant cockroaches
  3 hobgoblins (D:1)
  6 jackals (D:2)
  A kobold (D:2)
  2 quokkas (D:2)
  5 ball pythons
  5 bats
  3 frilled lizards (D:1)
  3 goblins
  2 rats (D:1)
38 creatures vanquished.

Vanquished Creatures (collateral kills)
  A ball python (D:1)
  A bat (D:1)
  2 jackals (D:2)
  A goblin (D:2)
  A kobold (D:2)
  A rat (D:2)
7 creatures vanquished.

Grand Total: 45 creatures vanquished

Notes
Turn   | Place    | Note
-------+----------+-------------------------------------------
     0 | D:1      | GloriousHammer the Human Necromancer began the quest for
                  | the Orb.
     0 | D:1      | Reached XP level 1. HP: 13/13 MP: 3/3
   177 | D:1      | Reached XP level 2. HP: 14/19 MP: 3/5
   778 | D:1      | Reached XP level 3. HP: 12/24 MP: 3/6
  1043 | D:1      | Found a blossoming altar of Fedhas.
  1244 | D:2      | Noticed a phantom
  1456 | D:1      | Learned a level 3 spell: Vampiric Draining
  1672 | D:2      | Reached XP level 4. HP: 18/30 MP: 4/8
  1701 | D:2      | Reached skill level 1 in Short Blades
  1847 | D:2      | Learned a level 4 spell: Animate Dead
  1947 | D:1      | Succumbed to a gnoll's poison

Illustrated notes

Levels and vault maps discovered:
D:1:      dpeg_arrival_water_altar, layout_basic
D:2:      layout_basic, amcnicky_mini_corridor_feature

Skill      XL: |  1  2  3  4 |
---------------+-------------+-----
Spellcasting   | 3 |  3.0
Short Blades   | 1 |  1.0
Dodging        | |  2.0
Stealth        | |  2.0
Necromancy     | |  4.7

Action                     |  1- 3 |  4- 6 || total
---------------------------+-------+-------++-------
  Melee: Unarmed           |    84 |       ||    84
         Punch             |     2 |       ||     2
         Dagger            |    34 |    12 ||    46
   Cast: Necrotise         |    38 |    10 ||    48
   Stab: Distracted        |     1 |       ||     1
         Sleeping          |     2 |       ||     2
 Armour: Robe              |    90 |    18 ||   108
  Dodge: Dodged            |   133 |    23 ||   156

Table legend: (Time is in decaauts)
 A = Elapsed time spent in this place.
 B = Non-inter-level travel time spent in this place.
 C = Inter-level travel time spent in this place.
 D = Time resting spent in this place.
 E = Time spent auto-exploring this place.
 F = Levels seen in this place.
 G = Mean time per level.
                   A        B        C        D        E       F      G
               +--------+--------+--------+--------+--------+-----+--------+
         Total |   1948 |   1811 |    137 |    454 |    726 |   2 |  974.0 |
       Dungeon |   1948 |   1811 |    137 |    454 |    726 |   2 |  974.0 |
               +--------+--------+--------+--------+--------+-----+--------+

Top non-repeatable levels by time:
     D:1: 1407 daAuts
     D:2: 540 daAuts
